Map: World of Sleepers LE

Players

Veterano

  • Race: Terran Terran
  • League: Silver
  • Spawn Location: 1:00

Ratl - Winner!

  • Race: Protoss Protoss
  • League: Silver
  • Spawn Location: 7:00

VOD

Have the link to the VOD?

Description

Time

  • Played on: Feb. 5, 2020, 9:06 p.m.
  • Length: 14:58
Show
View Real Time Build Order
Export as new Build Order

Veterano Terran 

Build Orders:  

Get SALT Encoding   

  12  0:03  SCV  
  13  0:15  SCV  
  14  0:28  SCV  
  15  0:31  Supply Depot  
  15  0:45  Refinery  
  15  0:52  SCV  
  15  0:54  Refinery  
  16  1:04  SCV, Barracks  
  17  1:18  Barracks  
  17  1:27  Barracks  
  17  1:36  Supply Depot  
  17  1:39  SCV  
  18  1:53  Marine  
  19  2:19  Barracks Reactor x2  
  19  2:20  Barracks Reactor  
  19  2:23  Orbital Command  
  19  2:33  Engineering Bay  
  19  3:05  Command Center  
  19  3:14  Marine x3  
  19  3:17  Marine  
  23  3:21  Marine  
  23  3:24  Marine  
  25  3:28  SCV  
  26  3:38  Missile Turret  
  26  3:56  Marine x4  
  26  3:57  Marine  
  31  4:03  Marine  
  31  4:06  Supply Depot  
  29  4:21  Marine  
  29  4:22  Marine x3  
  30  4:37  Marine x2  
  29  4:39  Marine  
  29  4:40  Marine  
  29  5:14  Factory  
  29  5:18  Supply Depot  
  29  5:21  Marine x2  
  29  5:22  Marine  
  29  5:23  Marine  
  29  5:24  Marine x2  
  35  5:31  SCV  
  36  5:43  SCV  
  37  5:55  SCV  
  38  5:58  Factory Tech Lab  
  38  6:05  Starport  
  38  6:10  Orbital Command  
  38  6:44  Marine  
  38  6:45  Marine x3  
  38  6:46  Marine x2  
  44  6:51  Siege Tank  
  47  6:57  Starport Reactor  
  47  7:04  SCV  
  48  7:14  Refinery  
  48  7:16  SCV  
  48  7:17  Refinery  
  49  7:28  SCV  
  50  7:40  SCV  
  50  7:44  SCV  
  52  7:52  SCV  
  52  7:56  SCV  
  54  8:01  Missile Turret  
  54  8:05  SCV  
  55  8:06  Liberator x2  
  55  8:08  SCV  
  62  8:17  SCV  
  63  8:20  SCV  
  63  8:26  Marine  
  65  8:27  Marine x5  
  65  8:29  SCV  
  65  8:32  SCV  
  72  8:40  Factory  
  72  8:44  Marine  
  72  8:45  Marine x5  
  78  8:49  Medivac x2  
  82  9:02  Marine x4  
  86  9:28  Command Center  
  86  9:34  Refinery  
  86  9:35  Refinery  
  86  9:39  Missile Turret  
  86  9:40  Missile Turret  
  86  9:43  Missile Turret  
  86  9:58  Marine x4  
  86  9:59  SCV, Siege Tank  
  94  10:07  Supply Depot  
  94  10:08  Supply Depot  
  94  10:19  Supply Depot  
  94  10:20  Supply Depot  
  94  10:23  Factory Tech Lab  
  94  10:28  SCV, Medivac x2  
  100  10:35  SCV  
  100  10:40  SCV  
  101  10:44  Sensor Tower  
  101  10:47  SCV  
  102  10:53  SCV  
  103  10:59  SCV  
  103  11:00  Orbital Command  
  104  11:05  SCV  
  104  11:08  Sensor Tower  
  105  11:12  SCV  
  105  11:17  SCV  
  107  11:24  SCV  
  108  11:29  SCV  
  109  11:37  Viking  
  109  11:38  Viking  
  113  11:41  SCV  
  113  11:46  Hi-Sec Auto Tracking  
  114  11:53  SCV  
  115  11:56  SCV  
  116  12:07  Viking x2  
  121  12:08  SCV  
  121  12:19  Command Center  
  121  12:20  SCV, Starport  
  125  12:22  Siege Tank  
  125  12:26  SCV  
  126  12:32  SCV  
  126  12:35  Missile Turret  
  127  12:37  Viking x2  
  127  12:38  SCV  
  127  12:43  Terran Infantry Armor Level 1  
  132  12:44  SCV  
  132  12:50  SCV  
  134  12:57  SCV, Starport  
  134  13:09  SCV  
  135  13:21  SCV  
  135  13:23  Command Center  
  108  13:33  Missile Turret x2  
  80  13:35  Missile Turret, Starport  
  80  13:40  Orbital Command  
  38  13:49  Starport Reactor x2  
  38  13:53  Siege Tank  
  38  13:55  Missile Turret  
  41  14:13  Starport  
  28  14:25  Siege Tank  
  30  14:34  Refinery  
  30  14:37  Refinery  
Show
View Real Time Build Order
Export as new Build Order

Ratl Protoss - Winner!

Build Orders: Double Forge, Chargelot Immortal 

Get SALT Encoding   

  12  0:01  Probe  
  13  0:13  Probe  
  14  0:21  Pylon  
  14  0:25  Probe  
  15  0:39  Probe (Chrono Boost)  
  15  0:41  Gateway  
  16  0:48  Assimilator  
  17  0:50  Probe (Chrono Boost)  
  17  1:01  Probe  
  18  1:07  Assimilator  
  18  1:13  Probe  
  19  1:23  Gateway  
  19  1:25  Probe  
  19  1:28  Cybernetics Core  
  20  1:38  Probe  
  21  1:44  Pylon  
  21  1:50  Probe  
  22  2:02  Probe (Chrono Boost), Warp Gate (Chrono Boost)  
  22  2:06  Stalker  
  25  2:10  Stalker  
  25  2:14  Probe (Chrono Boost)  
  28  2:21  Probe (Chrono Boost)  
  29  2:28  Probe  
  30  2:40  Probe  
  30  2:42  Pylon  
  31  2:53  Pylon  
  31  3:00  Stalker  
  31  3:03  Probe  
  34  3:07  Stalker  
  36  3:15  Probe  
  37  3:27  Nexus  
  37  3:28  Probe  
  38  3:39  Robotics Facility  
  38  3:40  Probe  
  39  3:44  Stalker  
  41  3:53  Stalker  
  43  3:59  Probe  
  44  4:07  Pylon  
  44  4:12  Probe  
  45  4:24  Probe, Forge  
  46  4:26  Forge  
  42  4:44  Probe  
  42  4:45  Probe  
  44  4:57  Probe x2  
  44  4:59  Stalker x2  
  50  5:05  Protoss Ground Armor Level 1 (Chrono Boost), Protoss Ground Weapons Level 1 (Chrono Boost)  
  48  5:07  Assimilator  
  48  5:09  Probe x2  
  48  5:11  Observer  
  51  5:22  Probe x2, Twilight Council  
  51  5:28  Assimilator  
  53  5:34  Probe x2  
  55  5:46  Probe, Stalker x2  
  55  5:49  Observer  
  61  5:52  Nexus  
  61  5:57  Probe  
  61  5:58  Probe  
  63  6:09  Probe, Charge  
  63  6:10  Probe  
  65  6:12  Zealot  
  65  6:14  Zealot  
  69  6:28  Probe  
  70  6:36  Pylon  
  70  6:40  Pylon  
  70  6:48  Gateway  
  70  6:49  Gateway  
  70  6:50  Gateway  
  70  6:53  Gateway  
  70  6:54  Probe x2  
  70  6:57  Pylon  
  72  7:02  Immortal  
  72  7:06  Probe x2  
  72  7:07  Protoss Ground Armor Level 2 (Chrono Boost)  
  72  7:08  Robotics Bay, Protoss Ground Weapons Level 2 (Chrono Boost)  
  78  7:18  Probe x2  
  78  7:21  Probe  
  81  7:30  Probe x2  
  81  7:33  Probe  
  84  7:38  Pylon  
  84  7:40  Pylon  
  84  7:41  Pylon, Assimilator  
  84  7:42  Assimilator  
  84  7:43  Probe x2  
  84  7:44  Zealot  
  88  7:45  Probe  
  89  7:54  Zealot  
  89  7:55  Zealot  
  89  7:56  Immortal (Chrono Boost)  
  97  8:04  Robotics Facility  
  97  8:17  Extended Thermal Lance  
  97  8:19  Zealot  
  99  8:20  Zealot x5  
  109  8:39  Nexus  
  109  8:47  Pylon  
  109  8:50  Pylon, Zealot x2  
  109  8:51  Zealot x4  
  109  8:55  Immortal  
  125  8:56  Immortal  
  129  9:19  Protoss Ground Weapons Level 3 (Chrono Boost), Protoss Ground Armor Level 3 (Chrono Boost)  
  129  9:35  Immortal  
  133  9:48  Robotics Facility  
  137  9:53  Immortal  
  137  10:10  Templar Archives  
  137  10:14  Immortal (Chrono Boost)  
  141  10:23  Gateway  
  141  10:25  Gateway  
  141  10:28  Gateway  
  141  10:30  Zealot x2  
  141  10:31  Zealot x2  
  149  10:48  Immortal (Chrono Boost)  
  157  10:53  Immortal (Chrono Boost)  
  161  10:57  Immortal (Chrono Boost)  
  161  11:01  High Templar  
  163  11:07  Pylon  
  163  11:09  Pylon  
  163  11:14  Pylon  
  163  11:15  Immortal, Pylon  
  163  11:24  Warp Prism  
  169  11:33  High Templar  
  169  11:34  High Templar x2  
  169  11:35  High Templar x3  
  169  11:36  High Templar  
  169  11:37  High Templar x2  
  169  11:39  Archon x2  
  187  11:40  Archon  
  187  11:41  Archon  
  187  11:42  Archon  
  187  11:48  Immortal  
  191  12:02  Immortal  
  195  12:18  Psionic Storm  
  195  12:19  Pylon  
  195  12:25  Pylon  
  195  12:26  Protoss Shields Level 1 (Chrono Boost)  
  195  12:27  Dark Shrine, Pylon  
  195  12:29  Pylon  
  195  12:31  Pylon  
  195  12:47  Protoss Air Weapons Level 1  
  165  13:28  Zealot x3  
  165  13:29  Zealot x3  
  165  13:30  Zealot x2  
  177  13:37  Stalker  
  167  14:21  Dark Templar  
  167  14:22  Dark Templar x5  
  179  14:32  Probe x2  
  179  14:33  Probe x2  
  183  14:44  Probe  
  183  14:45  Probe  
  185  14:55  Dark Templar x3  
  185  14:56  Dark Templar x2  
Tags
 
Add a new tag
Caveats
  • Supply blocks, unpowered buildings, or Contaminate may cause inaccurate times.
  • Supply counts are checked every 10 seconds.